 Seeded DCSS version 0.28-a0-1033-g1a2f33fa85 (webtiles) character file.

Game seed: 11791701998605686111 (custom seed)

53 voltaire321 the Covered (level 3, 0/33 HPs)
             Began as a Minotaur Fighter on Dec 7, 2021.
             Slain by a gnoll (6 damage)
             ... on level 2 of the Dungeon.
             The game lasted 00:02:59 (1417 turns).

voltaire321 the Covered (Minotaur Fighter)          Turns: 1417, Time: 00:02:59

Health: 0/33       AC:  7    Str: 22    XL:     3   Next: 64%
Magic:  2/2        EV:  7    Int:  5    God:
Gold:   70         SH:  8    Dex:  9    Spells: 2/2 levels left

rFire   . . .      SeeInvis .   a - +0 war axe
rCold   . . .      Faith    .   g - +0 kite shield
rNeg    . . .      Spirit   .   b - +0 scale mail
rPois   .          Reflect  .   (helmet restricted)
rElec   .          Harm     .   (no cloak)
rCorr   .          Rampage  .   (no gloves)
Will    .....                   (no boots)
Stlth   ..........              (no amulet)
HPRegen 0.11/turn               (no ring)
MPRegen 0.08/turn               (no ring)

@: no status effects
A: horns 2, retaliatory headbutt
a: no special abilities


You were on level 2 of the Dungeon.
You visited 1 branch of the dungeon, and saw 2 of its levels.

You collected 70 gold pieces.

Inventory:

Hand Weapons
 a - a +0 war axe (weapon)
Missiles
 i - 28 poisoned darts (quivered)
Armour
 b - a +0 scale mail (worn)
 c - a +0 buckler
 g - a +0 kite shield (worn)
Scrolls
 e - 2 scrolls of teleportation {unknown}
 f - a scroll of identify {unknown}
 j - a scroll of blinking {unknown}
 k - a scroll of summoning {unknown}
 m - a scroll of acquirement {unknown}
 n - 2 scrolls of torment {unknown}
Potions
 d - a potion of might
 h - 2 potions of curing {unknown}
 l - a potion of brilliance {unknown}
 o - a potion of berserk rage {unknown}


   Skills:
 + Level 4.2 Fighting
 + Level 3.3 Axes
 + Level 4.2 Armour
 + Level 0.4 Dodging
 - Level 4.0 Shields


You had 2 spell levels left.
You didn't know any spells.
Your spell library was empty.

Dungeon Overview and Level Annotations

Branches:
Dungeon (2/15)

Altars:


Innate Abilities, Weirdness & Mutations

You have a pair of horns on your head.
You reflexively headbutt those who attack you in melee.


Message History

You open the door.
There is an open door here.
You see here a worm corpse.
Things that are here:
a +0 short sword; a kobold corpse A ball python comes into view.
Found a stone staircase leading up.
The ball python hisses angrily.
You hit the ball python.
The ball python is severely wounded.
You block the ball python's attack. x2; The ball python barely misses you.
The ball python grabs you. The ball python constricts you.
You slash the ball python!
You kill the ball python!
Found a stone staircase leading down. 4 gnolls come into view.
A gnoll is wielding a +1 spear of distortion.
The gnoll shouts! x2
The gnoll hits you with a +0 whip.
You slash the gnoll! Your headbutt misses the gnoll.
The gnoll is severely wounded.
The gnoll hits you with a +0 whip.
The gnoll hits you from afar with a +0 halberd!
You closely miss the gnoll.
The gnoll is severely wounded.
Your shield and scale mail prevent you from hitting the gnoll.
The gnoll hits you but does no damage.
The gnoll hits you from afar with a +0 halberd!
You block the gnoll's attack. The gnoll barely misses you.
The gnoll hits you from afar with a +0 halberd.
The gnoll hits you but does no damage.
You closely miss the gnoll. You headbutt the gnoll.
The gnoll is heavily wounded.
You slash the gnoll!
You kill the gnoll!
The gnoll hits you but does no damage. Space warps around you.
* * * LOW HITPOINT WARNING * * *
You block the gnoll's attack. x2; The gnoll hits you but does no damage.
Space warps horribly around you.
You die...

# ## .# .######### ####
.#...<...########...####
.#..............@g.>....
.#########.######)..####
.# ##### #.# gg.#
####...# #.# ...#
#.##...###.# ...#
..#........### ...#
.............# ####
#.#........#.#
.............#


You could see 3 gnolls.

Vanquished Creatures
  A gnoll (D:2)
  An adder (D:2)
  A worm (D:2)
  A dart slug (D:1)
  4 endoplasms
  A giant cockroach (D:1)
  A goblin (D:2)
  3 hobgoblins
  4 jackals
  5 ball pythons
  4 bats
  3 frilled lizards
  5 kobolds
  6 rats
40 creatures vanquished.

Vanquished Creatures (others)
  3 fungi (D:2)
  3 plants (D:2)
6 creatures vanquished.

Grand Total: 46 creatures vanquished

Notes
Turn   | Place    | Note
-------+----------+-------------------------------------------
     0 | D:1      | voltaire321 the Minotaur Fighter began the quest for the
                  | Orb.
     0 | D:1      | Reached XP level 1. HP: 19/19 MP: 0/0
   555 | D:1      | Reached XP level 2. HP: 27/27 MP: 1/1
   927 | D:2      | Reached XP level 3. HP: 30/33 MP: 2/2
  1219 | D:2      | Found a faded altar of an unknown god.
  1417 | D:2      | Slain by a gnoll

Illustrated notes

Levels and vault maps discovered:
D:1:      ebering_trefoil_twist, layout_loops_cross,
          chequers_serial_rivers_small_b, minmay_crystal_water,
          nicolae_figureground_pulse
D:2:      layout_basic, shapermc_ecumenical_altar_mp_urbaneastern,
          kennysheep_another_room, kennysheep_generic_room_9

Skill      XL: |  1  2  3 |
---------------+----------+-----
Armour         | 4 |  4.2
Fighting       | 4 |  4.2
Shields        | 4 |  4.0
Axes           | 3 |  3.3
Dodging        | |  0.4

Action                   || total
-------------------------++-------
Melee: War axe           ||    72
       Headbutt          ||    11
Armor: Scale mail        ||    65
Dodge: Dodged            ||    38
Block: Kite shield       ||    34

Table legend: (Time is in decaauts)
 A = Elapsed time spent in this place.
 B = Non-inter-level travel time spent in this place.
 C = Inter-level travel time spent in this place.
 D = Time resting spent in this place.
 E = Time spent auto-exploring this place.
 F = Levels seen in this place.
 G = Mean time per level.
                   A        B        C        D        E       F      G
               +--------+--------+--------+--------+--------+-----+--------+
         Total |   1462 |   1435 |     27 |    186 |    933 |   2 |  731.0 |
       Dungeon |   1462 |   1435 |     27 |    186 |    933 |   2 |  731.0 |
               +--------+--------+--------+--------+--------+-----+--------+

Top non-repeatable levels by time:
     D:1: 924 daAuts
     D:2: 538 daAuts
